 Dungeon Crawl Stone Soup version 0.22-a0-587-g7d32d7c (webtiles) character file.

68 opiumtea the Magician (level 4, -8/32 HPs)
             Began as a Gnoll Wizard on July 4, 2018.
             Shot with an arrow by a centaur (12 damage)
             ... on level 2 of the Dungeon.
             The game lasted 00:05:20 (2072 turns).

opiumtea the Magician (Gnoll Wizard)                Turns: 2072, Time: 00:05:21

Health: -8/32      AC:  3    Str: 10    XL:     4   Next: 19%
Magic:  5/13       EV: 14    Int: 21    God:
Gold:   92         SH:  0    Dex: 13    Spells: 4/17 levels left

rFire    . . .     SeeInvis .   a - +0 spear
rCold    . . .     Gourm    .   (no shield)
rNeg     . . .     Faith    .   g - +0 robe
rPois    +         Spirit   .   b - +0 hat
rElec    .         Reflect  .   (no cloak)
rCorr    .         Harm     .   k - +0 pair of gloves
MR       .....                  (no boots)
Stlth    +++.......             (no amulet)
HPRegen  0.10/turn              i - ring of poison resistance
MPRegen  0.13/turn              (no ring)

@: no status effects
A: distributed training, fangs 1, strong nose
a: no special abilities


You were on level 2 of the Dungeon.
You were not hungry.

You visited 1 branch of the dungeon, and saw 2 of its levels.

You collected 92 gold pieces.

Inventory:

Hand Weapons
 a - a +0 spear (weapon)
Armour
 b - a +0 hat (worn)
 g - a +0 robe (worn)
 k - a +0 pair of gloves (worn)
Jewellery
 i - a ring of poison resistance (left hand)
Scrolls
 c - 3 scrolls of teleportation {unknown}
 j - a scroll of enchant weapon {unknown}
 l - 3 scrolls of identify {unknown}
Potions
 e - a potion of lignification {unknown}
 f - a potion of degeneration {unknown}
 h - 3 potions of curing
 m - a potion of heal wounds {unknown}
 o - a potion of haste {unknown}
Comestibles
 d - 4 rations
 n - 2 chunks of flesh


   Skills:
 + Level 1.0 Fighting
 + Level 1.0 Short Blades
 + Level 1.0 Long Blades
 + Level 1.0 Axes
 + Level 1.0 Maces & Flails
 + Level 1.0 Polearms
 + Level 1.0 Staves
 + Level 1.0 Slings
 + Level 1.0 Bows
 + Level 1.0 Crossbows
 + Level 1.0 Throwing
 + Level 1.0 Armour
 + Level 4.6 Dodging
 + Level 4.2 Stealth
 + Level 1.0 Shields
 + Level 1.0 Unarmed Combat
 + Level 7.2 Spellcasting
 + Level 2.2 Conjurations
 + Level 0.8 Hexes
 + Level 0.8 Charms
 + Level 2.2 Summonings
 + Level 0.8 Necromancy
 + Level 2.2 Translocations
 + Level 0.8 Transmutations
 + Level 0.8 Fire Magic
 + Level 0.8 Ice Magic
 + Level 0.8 Air Magic
 + Level 0.8 Earth Magic
 + Level 0.8 Poison Magic
 + Level 1.1 Invocations
 + Level 1.0 Evocations


You had 4 spell levels left.
You knew the following spells:

 Your Spells              Type           Power        Failure   Level  Hunger
a - Magic Dart            Conj           ###.         3%          1    None
b - Slow                  Hex            ##......     10%         2    None
c - Blink                 Tloc           N/A          5%          2    None
d - Call Imp              Summ           ###.....     5%          2    None
e - Conjure Flame         Conj/Fire      ##......     14%         3    None
f - Mephitic Cloud        Conj/Pois/Air  ##......     16%         3    None

Your spell library contained the following spells:

 Spells                   Type           Power        Failure   Level  Hunger


Dungeon Overview and Level Annotations

Branches:
Dungeon (2/15)

Altars:

Annotations:
D:2 1 exclusion


Innate Abilities, Weirdness & Mutations

Your experience applies equally to all skills.
You have very sharp teeth.
Your uncanny sense of smell can sniff out nearby items.


Message History

Press: ? - help, Shift-Dir - straight line, f/p - centaur
Aim: a centaur (heavily wounded, slow)
The magic dart hits the centaur.
The centaur is heavily wounded.
The centaur hits you.
* * * LOW HITPOINT WARNING * * *
Casting: Magic Dart (safe; 3% risk of failure)
Confirm with . or Enter, or press ? or * to list all spells.
Aiming: Magic Dart (safe; 3% risk of failure)
Press: ? - help, Shift-Dir - straight line, f/p - centaur
Aim: a centaur (heavily wounded, slow)
The magic dart hits the centaur.
The centaur is heavily wounded.
The centaur misses you.
The centaur wields an uncursed shortbow of velocity.
The centaur shoots an arrow.
The arrow barely misses you.
You see here an arrow.
The centaur shoots an arrow.
The arrow barely misses you.
The centaur shoots an arrow.
The arrow hits you!
You die...

#.#.##.# #.# ####.# #...##.# #.#
#.# ##.###.# #.# #.##.# #### #.#
#g# #.# #.##.# ...# #.# #.#
#.########.##.# ...### #.#
#.####.......##.##.#
.....#####.###.#.>.######.##.##.#
...................######.##.##.#
........########@..........c.....
...####.# ##.###........c... ...#
#.# #.# #c#########.# ..## #.#
#.# #(# #.# ..# #.#########.###(#
#.# ..#
#...........c.c.#########.# .##
###########....(..........# ##
#################


You could see a centaur.

Vanquished Creatures
  2 gnolls (D:1)
  3 adders (D:2)
  A ball python (D:1)
  3 giant cockroaches (D:1)
  2 goblins (D:1)
  2 bats (D:1)
  3 frilled lizards (D:2)
  8 kobolds (D:1)
  2 rats (D:2)
26 creatures vanquished.

Notes
Turn   | Place    | Note
-------+----------+-------------------------------------------
     0 | D:1      | opiumtea the Gnoll Wizard began the quest for the Orb.
     0 | D:1      | Reached XP level 1. HP: 13/13 MP: 8/8
    23 | D:1      | Reached XP level 2. HP: 9/20 MP: 0/10
   388 | D:1      | Reached XP level 3. HP: 25/25 MP: 2/11
  1245 | D:2      | Reached skill level 1 in Invocations
  1248 | D:2      | Reached skill level 1 in Fighting
  1248 | D:2      | Reached skill level 1 in Short Blades
  1248 | D:2      | Reached skill level 1 in Long Blades
  1248 | D:2      | Reached skill level 1 in Axes
  1248 | D:2      | Reached skill level 1 in Maces & Flails
  1248 | D:2      | Reached skill level 1 in Polearms
  1248 | D:2      | Reached skill level 1 in Staves
  1248 | D:2      | Reached skill level 1 in Slings
  1248 | D:2      | Reached skill level 1 in Bows
  1248 | D:2      | Reached skill level 1 in Crossbows
  1248 | D:2      | Reached skill level 1 in Throwing
  1248 | D:2      | Reached skill level 1 in Armour
  1248 | D:2      | Reached skill level 1 in Shields
  1248 | D:2      | Reached skill level 1 in Unarmed Combat
  1248 | D:2      | Reached skill level 1 in Evocations
  1327 | D:2      | Reached XP level 4. HP: 32/32 MP: 11/13
  1508 | D:2      | Noticed a centaur
  1516 | D:2      | Learned a level 2 spell: Slow
  1645 | D:2      | Learned a level 2 spell: Blink
  1648 | D:2      | Learned a level 2 spell: Call Imp
  1652 | D:2      | Learned a level 3 spell: Conjure Flame
  1656 | D:2      | Learned a level 3 spell: Mephitic Cloud
  2072 | D:2      | Shot with an arrow by a centaur

Vault maps used:
D:1:      grunt_arrival_lava_bath, hangedman_decor_points,
          corexii_hall_statues_t

Skill      XL: |  1  2  3 |
---------------+----------+-----
Conjurations   | 2 |  2.2
Summonings     | 2 |  2.2
Translocations | 2 |  2.2
Invocations    | 1 |  1.1
Fighting       | 1 |  1.0
Short Blades   | 1 |  1.0
Long Blades    | 1 |  1.0
Axes           | 1 |  1.0
Maces & Flails | 1 |  1.0
Polearms       | 1 |  1.0
Staves         | 1 |  1.0
Slings         | 1 |  1.0
Bows           | 1 |  1.0
Crossbows      | 1 |  1.0
Throwing       | 1 |  1.0
Armour         | 1 |  1.0
Shields        | 1 |  1.0
Unarmed Combat | 1 |  1.0
Evocations     | 1 |  1.0
Dodging        | |  4.6
Stealth        | |  4.2
Spellcasting   | |  7.2
Hexes          | |  0.8
Charms         | |  0.8
Necromancy     | |  0.8
Transmutations | |  0.8
Fire Magic     | |  0.8
Ice Magic      | |  0.8
Air Magic      | |  0.8
Earth Magic    | |  0.8
Poison Magic   | |  0.8

Action                   |  1- 3 |  4- 6 || total
-------------------------+-------+-------++-------
Melee: Spear             |     3 |     2 ||     5
 Cast: Magic Dart        |    51 |    24 ||    75
       Call Imp          |       |     3 ||     3
       Slow              |       |     2 ||     2
  Eat: Chunk             |     1 |       ||     1
       Ration            |       |     1 ||     1
Armor: Robe              |     2 |     2 ||     4
Dodge: Dodged            |    10 |    13 ||    23

Table legend:
 A = Spawn XP
 B = Non-spawn XP
 C = Spawn XP percentage of total XP
 D = Spawn monster count
 E = Non-spawn monster count
 F = Spawn count percentage of total count
 G = Total turns spent on level
                    A         B        C        D         E        F      G
               +---------+---------+-------+---------+---------+-------+---------
         Total |       0 |      98 |   0.0 |       0 |      26 |   0.0 |  2072
               +---------+---------+-------+---------+---------+-------+---------
           D:1 |       0 |      53 |   0.0 |       0 |      18 |   0.0 |  1140
           D:2 |       0 |      45 |   0.0 |       0 |       8 |   0.0 |   932
               +---------+---------+-------+---------+---------+-------+---------
